AoeStats
← Blanc

Pilgrims

509946434Analyzed
4v4 RM · 3d ago on Sep 28, 2026· 37m 35s· 8 players
Game mode
Random Map
Map size
Large (8 player)
Population
200
Speed
Normal
Resources
Standard
Victory
Conquest
Starting age
Dark Age
Ending age
Imperial Age
RankedLock teamsTeams togetherTeam positionsShared explorationLock speedFull tech treeHidden civsTurbo modeCheats
Victory
Defeat
🇨🇱 Persians · Chile
1362
+14
🇩🇪 Berbers · Germany
1331
+15
1329
+15
🇨🇳 Malians · China
1296
+16
🇧🇪 Mongols · Belgium
1355
-18
🇩🇪 Inca · Germany
1319
-15
🇧🇬 Goths · Bulgaria
1287
-14
🇧🇬 Vietnamese · Bulgaria
1270
-13
Tronald Dump
3:49 Loom
13:10 Feudal Age
18:08 Castle Age
16:02 Fletching
16:36 Double-Bit Axe
16:43 Gold Mining
17:04 Scale Mail Armor
19:12 Bodkin Arrow
19:35 Chain Mail Armor
20:26 Crossbowman
22:14 Wheelbarrow
21:49 Town Watch
24:59 Horse Collar
28:49 Bow Saw
29:12 Heavy Plow
34:43 Imperial Age
33:11 Thumb Ring
35:22 Hand Cart
34:43 Arbalester
35:26 Bracer
Blanc
7:10 Loom
8:55 Feudal Age
12:04 Double-Bit Axe
19:32 Castle Age
17:16 Fishing Lines
21:17 Fletching
ThE MaTiO
12:55 Feudal Age
17:10 Castle Age
22:09 Horse Collar
22:20 Double-Bit Axe
23:22 Heavy Plow
23:36 Bow Saw
24:13 Wheelbarrow
28:25 Hand Cart
27:56 Loom
32:05 Imperial Age
29:24 Town Watch
30:01 Scale Barding Armor
30:07 Forging
31:31 Husbandry
31:41 Bloodlines
31:54 Chain Barding Armor
32:59 Iron Casting
34:46 Plate Barding Armor
34:17 Padded Archer Armor
34:07 Fletching
33:52 Elite Skirmisher
34:38 Thumb Ring
36:29 Chemistry
krsna
7:53 Loom
10:07 Feudal Age
11:57 Town Watch
15:39 Castle Age
17:48 Fletching
18:45 Double-Bit Axe
20:26 Bow Saw
22:55 Horse Collar
26:34 Padded Archer Armor
32:39 Ballistics
36:51 Imperial Age
34:59 Wheelbarrow
35:10 Bodkin Arrow
35:31 Leather Archer Armor
WallyGoodberg
7:09 Loom
9:11 Loom
11:11 Feudal Age
15:38 Castle Age
14:41 Town Watch
15:32 Wheelbarrow
15:10 Double-Bit Axe
15:07 Horse Collar
15:19 Stone Mining
16:59 Medium Warships
16:29 Fishing Lines
18:02 Bow Saw
17:45 Gillnets
18:16 Fletching
21:46 Bodkin Arrow
24:11 Ballistics
25:04 Padded Archer Armor
30:33 Imperial Age
28:14 Husbandry
29:51 Kasbah
30:05 Bloodlines
30:05 Thumb Ring
31:08 Leather Archer Armor
31:34 Bracer
32:41 Chemistry
33:19 Conscription
35:07 Elite Camel Archer
36:37 Leather Archer Armor
37:31 Maghrebi Camels
38:02 Ring Archer Armor
IMPORTAINER S.A @ DaNkoN_ARG
5:00 Loom
12:20 Feudal Age
16:16 Castle Age
17:14 Medium Warships
17:52 Fletching
18:45 Bodkin Arrow
27:55 Wheelbarrow
27:08 Town Watch
30:44 Imperial Age
29:09 Gold Mining
30:45 Bloodlines
32:24 Horse Collar
33:08 Scale Barding Armor
33:14 Forging
33:22 Elite Battle Elephant
34:58 Chain Barding Armor
34:55 Howdah
35:44 Hand Cart
36:27 Iron Casting
35:54 Husbandry
36:57 Plate Barding Armor
36:52 Stone Mining
37:37 Gold Shaft Mining
38:19 Blast Furnace
37:41 Bracer
一一
5:26 Loom
12:00 Feudal Age
13:15 Town Watch
14:22 Fishing Lines
17:04 Castle Age
16:31 Double-Bit Axe
18:14 Bow Saw
19:46 Wheelbarrow
28:15 Imperial Age
26:28 Hand Cart
26:27 Gillnets
28:30 Capped Ram
32:00 Gold Mining
32:01 Stone Mining
37:55 Conscription
36:56 Elite Gbeto
jf_Kratos
4:19 Loom
10:49 Feudal Age
12:25 Horse Collar
12:32 Double-Bit Axe
14:20 Wheelbarrow
15:07 Forging
15:53 Town Watch
20:48 Castle Age
37:10 Heavy Plow
Connection lost

Rejoining the realm…

Still unreachable

The connection could not be restored.

Session expired

The server has moved on; the page needs a fresh start.